AoeStats
← Red Calypso

Oasis

507870477Analyzed
4v4 RM · 12d ago on Sep 20, 2026· 31m 41s· 8 players
Game mode
Random Map
Map size
Large (8 player)
Population
200
Speed
Normal
Resources
Standard
Victory
Conquest
Starting age
Dark Age
Ending age
Imperial Age
RankedLock teamsTeams togetherTeam positionsShared explorationLock speedFull tech treeHidden civsTurbo modeCheats
Victory
Defeat
🇨🇴 Burmese · Colombia
1428
+17
🇲🇽 Persians · Mexico
1403
+18
🇲🇽 Ethiopians · Mexico
1387
+19
🇺🇸 Poles · United States
1371
+19
🇩🇪 Persians · Germany
1495
-20
🇩🇪 Maya · Germany
1456
-19
🇩🇪 Mongols · Germany
1421
-17
🇦🇹 Ethiopians · Austria
1420
-17
OM | SISKO PRO
6:37 Loom
9:00 Feudal Age
9:21 Double-Bit Axe
9:16 Horse Collar
17:32 Scale Barding Armor
18:41 Bloodlines
19:43 Bloodlines
20:31 Fletching
20:53 Forging
21:59 Wheelbarrow
25:40 Castle Age
24:47 Gold Mining
26:31 Chain Barding Armor
26:13 Husbandry
25:56 Light Cavalry
27:43 Bow Saw
Dusk_
6:48 Loom
10:38 Feudal Age
11:28 Double-Bit Axe
12:20 Scale Barding Armor
12:29 Bloodlines
13:23 Town Watch
13:23 Horse Collar
22:16 Castle Age
21:37 Forging
21:20 Gold Mining
22:19 Light Cavalry
22:59 Husbandry
23:22 Chain Barding Armor
23:37 Iron Casting
23:18 Bow Saw
OM | Romeo D. Sins
6:12 Loom
8:52 Feudal Age
9:22 Double-Bit Axe
13:48 Fletching
15:54 Padded Archer Armor
25:03 Castle Age
24:46 Horse Collar
25:40 Bodkin Arrow
25:06 Crossbowman
26:19 Leather Archer Armor
32:10 Ballistics
ImPerez22
6:30 Loom
9:21 Feudal Age
20:18 Town Watch
24:56 Castle Age
24:34 Horse Collar
28:12 Fortified Wall
32:01 Fletching
Red Calypso
9:30 Feudal Age
9:00 Loom
9:39 Man-at-Arms
19:12 Wheelbarrow
22:53 Fletching
23:59 Horse Collar
27:11 Castle Age
26:34 Gold Mining
28:04 Double-Bit Axe
28:29 Bodkin Arrow
31:37 Imperial Age
29:10 Crossbowman
30:28 Bow Saw
31:08 Ballistics
vR-MrReD
5:47 Loom
8:57 Feudal Age
9:25 Double-Bit Axe
15:51 Wheelbarrow
16:59 Forging
19:38 Castle Age
18:56 Horse Collar
19:46 Scale Barding Armor
21:03 Bloodlines
20:53 Husbandry
22:47 Chain Barding Armor
23:34 Forging
31:17 Iron Casting
Ghost
7:46 Loom
10:04 Feudal Age
17:27 Scale Barding Armor
22:35 Castle Age
21:19 Forging
22:05 Gold Mining
23:23 Bloodlines
23:12 Double-Bit Axe
30:13 Chain Barding Armor
sunSmit
0:25 Loom
8:47 Feudal Age
14:15 Fletching
16:13 Padded Archer Armor
26:03 Castle Age
24:37 Double-Bit Axe
24:58 Horse Collar
25:47 Gold Mining
26:42 Bodkin Arrow
26:37 Crossbowman
Connection lost

Rejoining the realm…

Still unreachable

The connection could not be restored.

Session expired

The server has moved on; the page needs a fresh start.